 Dungeon Crawl Stone Soup version 0.29.1-12-g30fa7ad0bf (webtiles) character file.

Game seed: 17752220537815945898

119 Descartes the Chopper (level 5, 0/41 HPs)
             Began as a Formicid Monk on Jan 16, 2023.
             Slain by an ogre
             ... wielding a +0 giant club
              (13 damage)
             ... on level 3 of the Dungeon.
             The game lasted 00:04:21 (2542 turns).

Descartes the Chopper (Formicid Monk)               Turns: 2542, Time: 00:04:22

Health: 0/41       AC: 11    Str: 15    XL:     5   Next: 23%
Magic:  5/5        EV:  7    Int: 12    God:
Gold:   134        SH:  0    Dex: 16    Spells: 4/4 levels left

rFire   . . .      SeeInvis +   a - +0 hand axe
rCold   . . .      Faith    .   (no shield)
rNeg    . . .      Spirit   .   p - +0 chain mail
rPois   .          Reflect  .   (helmet unavailable)
rElec   .          Harm     .   (no cloak)
rCorr   .          Rampage  .   n - +1 pair of gloves
Will    .....                   (no boots)
Stlth   ..........              (no amulet)
HPRegen 0.13/turn               (no ring)
MPRegen 0.09/turn               (no ring)

@: confused, ambrosia-drunk
A: permanent stasis, dig shafts and tunnels, antennae 3, four strong arms
a: Dig, Shaft Self


You were on level 3 of the Dungeon.
You visited 1 branch of the dungeon, and saw 3 of its levels.

You collected 134 gold pieces.

Inventory:

Hand Weapons
 a - a +0 hand axe (weapon)
Armour
 b - a +0 robe
 k - a +0 scale mail
 n - a +1 pair of gloves (worn)
 p - a +0 chain mail (worn)
Jewellery
 q - a ring of protection from fire
 r - a ring of fire
Scrolls
 f - 3 scrolls of identify {unknown}
 h - 3 scrolls of fear {unknown}
 l - a scroll of vulnerability {unknown}
 o - a scroll of magic mapping {unknown}
Potions
 d - a potion of lignification {unknown}
 e - a potion of brilliance {unknown}
 g - a potion of flight {unknown}
 i - 2 potions of curing {unknown}
 j - 2 potions of heal wounds {unknown}
 m - a potion of mutation {unknown}


   Skills:
 - Level 3.2 Fighting
 + Level 4.4 Axes
 + Level 3.3 Armour
 - Level 2.6 Dodging
 - Level 2.4 Stealth


You had 4 spell levels left.
You didn't know any spells.
Your spell library contained the following spells:

 Spells                   Type           Power      Damage    Failure   Level
 Magic Dart               Conj           0%         1d3       100%        1
 Slow                     Hex            0%         N/A       100%        1
 Call Imp                 Summ           0%         N/A       100%        2
 Mephitic Cloud           Conj/Pois/Air  0%         N/A       100%        3
 Dispersal                Tloc           0%         N/A       100%        6
 Disjunction              Tloc           0%         N/A       100%        8


Dungeon Overview and Level Annotations

Branches:
Dungeon (3/15)

Altars:


Innate Abilities, Weirdness & Mutations

You cannot be hasted, slowed, berserked, paralysed or teleported.
You can dig through walls and to a lower floor.
You have a pair of large antennae on your head. (SInv)
Your four strong arms can wield two-handed weapons with a shield.


Message History

You hit the goblin. The goblin closely misses you.
The goblin hits you with a +0 club.
The goblin hits you but does no damage. x2
You slash the goblin!
You kill the goblin!
You closely miss the goblin. The goblin barely misses you.
You slash the goblin!
You kill the goblin!
You closely miss the goblin. You hit the goblin.
You kill the goblin!
You hit the goblin.
You kill the goblin!
You slash the goblin!
You kill the goblin!
You slash the goblin!
You kill the goblin!
You hit the ogre.
The ogre is lightly wounded.
The ogre hits you with a +0 giant club!
You hit the ogre.
The ogre is moderately wounded.
The ogre barely misses you.
You hit the ogre.
The ogre is moderately wounded.
Unknown command.
You barely miss the ogre.
The ogre is moderately wounded.
The ogre hits you with a +0 giant club!!
Ouch! That really hurt!
* * * LOW HITPOINT WARNING * * *
You barely miss the ogre.
The ogre is moderately wounded.
The ogre barely misses you.
You are confused.
You feel invigorated.
You hit the ogre.
The ogre is heavily wounded.
The ogre barely misses you.
You bump into the rock wall.
The ogre hits you with a +0 giant club!
You die...

#.######.#####
#...#........##
#...........##
#............#
#............#
#.>..........#
#####.......##
#.(.#)##...##
#..gO@######
#.?.### ###


You could see an ogre and a goblin.

Vanquished Creatures
  5 adders
  2 dart slugs
  4 orcs (D:3)
  5 endoplasms
  A giant cockroach (D:1)
  9 goblins
  2 hobgoblins
  5 jackals
  5 kobolds
  3 quokkas
  8 ball pythons
  5 bats
  4 frilled lizards
  5 rats
63 creatures vanquished.

Notes
Turn   | Place    | Note
-------+----------+-------------------------------------------
     0 | D:1      | Descartes the Formicid Monk began the quest for the Orb.
     0 | D:1      | Reached XP level 1. HP: 18/18 MP: 1/1
   161 | D:1      | Reached skill level 1 in Armour
   161 | D:1      | Reached XP level 2. HP: 24/24 MP: 2/2
   286 | D:1      | Found a faded altar of an unknown god.
   303 | D:1      | Got Plato's Lessons on Bewitchment
   645 | D:1      | Reached XP level 3. HP: 29/29 MP: 3/3
  1575 | D:2      | Reached XP level 4. HP: 31/35 MP: 4/4
  1890 | D:2      | Reached skill level 4 in Axes
  2321 | D:3      | Reached XP level 5. HP: 25/41 MP: 5/5
  2525 | D:3      | Noticed an ogre
  2538 | D:3      | HP: 2/41 [ogre/+0 giant club (21)]
  2542 | D:3      | Slain by an ogre

Illustrated notes

Levels and vault maps discovered:
D:1:      co_arrival_random_square_maze, layout_loops_ring,
          shapermc_ecumenical_altar_rom_forum, st_stairs_11
D:2:      layout_loops_cross, palyth_stone_intersect
D:3:      minmay_diamond_boxcup, layout_rooms, minmay_ogre_servants

Skill      XL: |  1  2  3  4 |
---------------+-------------+-----
Armour         | 1 2 3 |  3.3
Axes           | 4 |  4.4
Fighting       | |  3.2
Dodging        | |  2.6
Stealth        | |  2.4

Action                   |  1- 3 |  4- 6 || total
-------------------------+-------+-------++-------
Melee: Hand axe          |   109 |    83 ||   192
  Use: Potion            |       |     1 ||     1
 Stab: Sleeping          |     3 |       ||     3
Armor: Robe              |    10 |       ||    10
       Scale mail        |    25 |    28 ||    53
       Chain mail        |       |     8 ||     8
Dodge: Dodged            |    95 |    40 ||   135
